 Dungeon Crawl Stone Soup version 0.22-a0-880-gb7b0c8b (webtiles) character file.

21 prawnwizard the Cudgeler (level 2, 0/23 HPs)
             Began as a Demonspawn Gladiator on July 30, 2018.
             Slain by a worm (8 damage)
             ... on level 2 of the Dungeon.
             The game lasted 00:01:25 (794 turns).

prawnwizard the Cudgeler (Demonspawn Gladiator)      Turns: 794, Time: 00:01:25

Health: 0/23       AC:  4    Str: 14    XL:     2   Next: 62%
Magic:  2/2        EV: 13    Int:  9    God:
Gold:   34         SH:  0    Dex: 14    Spells: 1/1 levels left

rFire    + . .     SeeInvis .   m - +0 whip (curse)
rCold    . . .     Gourm    .   (no shield)
rNeg     . . .     Faith    .   b - +0 leather armour
rPois    +         Spirit   .   c - +0 helmet
rElec    .         Reflect  .   (no cloak)
rCorr    .         Harm     +   (no gloves)
MR       .....                  (no boots)
Stlth    +.........             g - amulet of harm
HPRegen  0.07/turn              l - ring of poison resistance (curse)
MPRegen  0.08/turn              (no ring)

@: no status effects
A: fire resistance 1
a: no special abilities


You were on level 2 of the Dungeon.
You were not hungry.

You visited 1 branch of the dungeon, and saw 2 of its levels.

You collected 34 gold pieces.

Inventory:

Hand Weapons
 a - a +0 flail
 m - a cursed +0 whip (weapon)
Missiles
 d - 3 throwing nets (quivered)
Armour
 b - a +0 leather armour (worn)
 c - a +0 helmet (worn)
Jewellery
 g - an amulet of harm (around neck)
 l - a cursed ring of poison resistance (left hand)
Scrolls
 h - 2 scrolls of enchant armour {unknown}
 i - 2 scrolls of identify {unknown}
 k - 2 scrolls of remove curse {unknown}
Potions
 e - a potion of degeneration {unknown}
 j - a potion of curing {unknown}
 n - a potion of mutation {unknown}
 o - a potion of lignification {unknown}
Comestibles
 f - a ration
 p - 4 chunks of flesh


   Skills:
 + Level 2.3 Fighting
 * Level 3.2 Maces & Flails
 - Level 1.7 Throwing
 + Level 2.9 Dodging


You had one spell level left.
You didn't know any spells.
Your spell library was empty.

Dungeon Overview and Level Annotations

Branches:
Dungeon (2/15)

Altars:

Annotations:
D:2 Jessica


Innate Abilities, Weirdness & Mutations

Your flesh is heat resistant. (rF+)


Message History

You barely miss Jessica.
Jessica is lightly wounded.
The frilled lizard closely misses you. Jessica casts a spell at you.
You resist with some effort.
You closely miss Jessica.
Jessica is lightly wounded.
The frilled lizard bites you. Jessica hits you but does no damage.
The worm bites you.
You hit Jessica but do no damage.
Jessica is lightly wounded.
The frilled lizard barely misses you. Jessica closely misses you.
The worm bites you.
You hit Jessica but do no damage.
Jessica is lightly wounded.
The frilled lizard closely misses you. Jessica barely misses you.
You hit Jessica but do no damage.
Jessica is lightly wounded.
The frilled lizard misses you. The worm bites you!
You die...

#
#.########.#####
.....g@@<.......
..##..lw.#.#####
#..##.# # #..
..# ... ... ....
#..#. .... .###.
.... . #


You could see a worm, Jessica, a goblin and a frilled lizard.

Vanquished Creatures
  A dart slug (D:2)
  2 bats (D:2)
  A giant cockroach (D:1)
  3 hobgoblins
  2 jackals (D:1)
  2 ball pythons (D:1)
  4 goblins
  2 kobolds
  A rat (D:2)
18 creatures vanquished.

Notes
Turn   | Place    | Note
-------+----------+-------------------------------------------
     0 | D:1      | prawnwizard the Demonspawn Gladiator began the quest for the Orb.
     0 | D:1      | Reached XP level 1. HP: 16/16 MP: 1/1
   292 | D:1      | You fall through a shaft!
   370 | D:2      | Reached skill level 3 in Maces & Flails
   370 | D:2      | Gained mutation: Your flesh is heat resistant. (rF+) [demonic ancestry]
   370 | D:2      | Reached XP level 2. HP: 21/22 MP: 2/2
   784 | D:2      | Noticed Jessica
   794 | D:2      | Slain by a worm

Vault maps used:
D:1:      dpeg_arrival_fog
D:2:      uniq_crazy_yiuf_cottage, uniq_jessica

Skill      XL: |  1 |
---------------+----+-----
Maces & Flails | 3 |  3.2
Fighting       | |  2.3
Throwing       | |  1.7
Dodging        | |  2.9

Action                   || total
-------------------------++-------
Melee: Flail             ||    27
       Whip              ||    41
Armor: Leather armour    ||    30
Dodge: Dodged            ||    53

Table legend:
 A = Spawn XP
 B = Non-spawn XP
 C = Spawn XP percentage of total XP
 D = Spawn monster count
 E = Non-spawn monster count
 F = Spawn count percentage of total count
 G = Total turns spent on level
                    A         B        C        D         E        F      G
               +---------+---------+-------+---------+---------+-------+---------
         Total |       0 |      30 |   0.0 |       0 |      18 |   0.0 |   794
               +---------+---------+-------+---------+---------+-------+---------
           D:1 |       0 |      16 |   0.0 |       0 |      10 |   0.0 |   410
           D:2 |       0 |      14 |   0.0 |       0 |       8 |   0.0 |   384
               +---------+---------+-------+---------+---------+-------+---------
